AoeStats
← Cirella Cavanagh

Golden Pit

507376598Analyzed
1v1 RM · 13d ago on Sep 17, 2026· 20m 21s· 2 players
Game mode
Random Map
Map size
Tiny (2 player)
Population
200
Speed
Normal
Resources
Standard
Victory
Conquest
Starting age
Dark Age
Ending age
Imperial Age
RankedLock teamsTeams togetherTeam positionsShared explorationLock speedFull tech treeHidden civsTurbo modeCheats
Victory
Defeat
🇨🇱 Cumans · Chile
1050
+15
1037
-15
§.•°•×TG132ו°•.§
11:16 Feudal Age
13:42 Loom
13:55 Horse Collar
20:47 Castle Age
19:15 Fletching
Cirella Cavanagh
10:36 Feudal Age
10:41 Loom
11:37 Man-at-Arms
17:41 Forging
Connection lost

Rejoining the realm…

Still unreachable

The connection could not be restored.

Session expired

The server has moved on; the page needs a fresh start.